Map: [ESL] Goldenaura

Players

msrm

  • Race: Zerg Zerg
  • League: Master
  • Spawn Location: 12:00

Geralt (Gerald) - Winner!

  • Race: Protoss Protoss
  • League: Master
  • Spawn Location: 5:00

Event: Bellum Gens Elite Stara Zagora 2024

VOD

Have the link to the VOD?

Description

Time

  • Played on: Sept. 6, 2024, 10:03 a.m.
  • Length: 5:35

All games in this series

Show
View Real Time Build Order
Export as new Build Order

msrm Zerg 

Build Orders: Pool First 

Get SALT Encoding   

  12  0:00  Drone  
  13  0:11  Drone  
  14  0:16  Overlord  
  14  0:20  Extractor  
  13  0:23  Drone  
  15  0:35  Drone  
  15  0:36  Drone  
  17  0:43  Drone  
  18  0:50  Extractor  
  18  0:54  Spawning Pool  
  18  0:56  Drone  
  17  1:09  Drone  
  18  1:23  Hatchery  
  17  1:26  Drone  
  18  1:41  Zergling x4  
  20  1:48  Zergling x2  
  21  1:56  Metabolic Boost  
  21  1:58  Zergling x2  
  22  2:09  Overlord  
  22  2:26  Queen  
  24  2:32  Zergling x2  
  24  2:33  Zergling x2  
  24  2:34  Queen  
  28  2:38  Spine Crawler  
  28  2:42  Spine Crawler  
  25  2:49  Spine Crawler  
  24  2:55  Zergling x4  
  26  3:02  Zergling x2  
  26  3:03  Zergling x2  
  28  3:08  Zergling x2  
  25  3:30  Zergling x6  
  25  3:31  Zergling x4  
  24  3:42  Zergling x6  
  24  3:43  Zergling x2  
  24  3:44  Zergling x2  
  24  3:47  Zergling x2  
  30  3:52  Zergling x2  
  31  4:03  Drone x2  
  31  4:07  Queen  
  35  4:13  Drone  
  35  4:22  Overlord  
  35  4:26  Overlord  
  28  4:41  Drone x2  
  28  4:42  Drone  
  30  4:54  Hatchery  
  29  5:02  Drone x2  
  29  5:05  Extractor  
  29  5:06  Drone  
  30  5:21  Drone x2  
  30  5:22  Drone x2  
Show
View Real Time Build Order
Export as new Build Order

Geralt Protoss - Winner!

Build Orders:  

Get SALT Encoding   

  12  0:00  Probe  
  13  0:12  Probe  
  14  0:19  Pylon  
  14  0:24  Probe  
  15  0:37  Probe (Chrono Boost)  
  15  0:40  Gateway  
  16  0:46  Probe (Chrono Boost)  
  17  0:52  Probe  
  17  0:53  Assimilator  
  18  1:04  Probe  
  19  1:16  Probe  
  20  1:27  Cybernetics Core  
  20  1:31  Probe  
  21  1:39  Zealot (Chrono Boost), Pylon  
  23  1:49  Assimilator  
  23  1:57  Probe  
  23  1:59  Forge  
  26  2:09  Stalker (Chrono Boost)  
  26  2:21  Nexus  
  25  2:25  Shield Battery  
  25  2:31  Sentry  
  27  2:42  Photon Cannon  
  27  2:54  Photon Cannon  
  27  2:58  Stalker, Warp Gate (Chrono Boost)  
  29  3:06  Pylon  
  29  3:18  Photon Cannon  
  29  3:31  Shield Battery  
  29  3:32  Probe  
  30  3:35  Probe  
  31  3:44  Probe  
  31  3:45  Stargate  
  31  3:47  Probe  
  33  3:56  Probe  
  33  3:59  Probe  
  33  4:00  Pylon  
  35  4:08  Probe  
  36  4:11  Probe  
  37  4:20  Probe  
  38  4:24  Probe  
  38  4:26  Pylon  
  38  4:27  Oracle (Chrono Boost)  
  42  4:36  Probe  
  42  4:38  Probe  
  44  4:44  Twilight Council  
  44  4:48  Probe  
  44  4:50  Probe  
  46  4:55  Gateway  
  46  4:56  Gateway  
  46  5:01  Probe  
  46  5:04  Probe  
  48  5:07  Assimilator  
  53  5:14  Probe  
  53  5:16  Probe  
Tags
 
Add a new tag
Caveats
  • Supply blocks, unpowered buildings, or Contaminate may cause inaccurate times.
  • Supply counts are checked every 10 seconds.